 Dungeon Crawl Stone Soup version 0.30-a0-465-g8901f6c8b5 (webtiles) character file.

Game seed: 3360605927405147933

100 oldriver the Shooter (level 4, -5/34 HPs)
             Began as a Barachi Hexslinger on Dec 18, 2022.
             Slain by a gnoll
             ... wielding a +0 spear
             ... led by a gnoll bouda
              (6 damage)
             ... on level 6 of the Dungeon.
             The game lasted 00:02:48 (1539 turns).

oldriver the Shooter (Barachi Hexslinger)           Turns: 1539, Time: 00:02:49

Health: -5/34      AC:  3    Str: 11    XL:     4   Next: 74%
Magic:  5/5        EV:  6    Int: 14    God:
Gold:   198        SH:  0    Dex: 14    Spells: 4/5 levels left

rFire   . . .      SeeInvis .    a - +2 sling (vorpal)
rCold   . . .      Faith    .    (no shield)
rNeg    . . .      Spirit   .    e - +0 leather armour
rPois   .          Reflect  .    (no helmet)
rElec   .          Harm     .    (no cloak)
rCorr   .          Rampage  .    (no gloves)
Will    .....                    (no boots)
Stlth   +.........               (no amulet)
HPRegen 0.25/turn                (no ring)
MPRegen 0.09/turn                (no ring)

@: unable to hop, held, slow
A: amphibious, slowness 1, strong legs 1, +LOS
a: Hop


You were on level 6 of the Dungeon.
You visited 1 branch of the dungeon, and saw 4 of its levels.

You collected 198 gold pieces.

Inventory:

Hand Weapons
 a - a +2 vorpal sling (weapon)
 b - a +2 long sword of holy wrath
Armour
 c - a +0 robe
 e - a +0 leather armour (worn)
Jewellery
 l - a ring of see invisible
Scrolls
 g - 2 scrolls of poison
 j - a scroll of identify {unknown}
 n - a scroll of teleportation
Potions
 h - a potion of flight {unknown}
 i - 2 potions of might {unknown}
 k - a potion of heal wounds {unknown}


   Skills:
 + Level 2.6 Fighting
 + Level 4.3 Ranged Weapons
 - Level 2.1 Dodging
 - Level 1.1 Spellcasting
 - Level 3.2 Hexes


You had 4 spell levels left.
You knew the following spells:

 Your Spells              Type           Power      Damage    Failure   Level
a - Slow                  Hex            36%        N/A       9%          1

Your spell library contained the following spells:

 Spells                   Type           Power      Damage    Failure   Level
 Inner Flame              Hex/Fire       5%         N/A       45%         3
 Portal Projectile        Hex/Tloc       10%        N/A       45%         3
 Cause Fear               Hex            4%         N/A       65%         4


Dungeon Overview and Level Annotations

Branches:
Dungeon (6/15)
 Temple: D:4-7

Altars:


Innate Abilities, Weirdness & Mutations

You are amphibious.
You cover ground slowly.
You can hop short distances.
You have an extended range of vision and can be seen from far away.


Message History

Found an escape hatch in the ceiling.
Found a stone staircase leading down.
The gnoll bouda shouts!
The gnoll shouts! x5
The gnoll throws a throwing net.
The throwing net hits you.
You become entangled in the net!
You see here a throwing net.
You struggle against the net.
You struggle against the net.
The gnoll bouda gazes fiercely through you!
You feel your attacks grow feeble.
The gnoll hits you from afar with a +0 halberd.
You struggle against the net.
The gnoll hits you from afar with a +0 spear.
The gnoll hits you from afar with a +0 halberd!
You struggle against the net.
The gnoll hits you from afar with a +0 halberd.
The gnoll hits you from afar with a +0 spear.
Your legs are too worn out to hop.
As you read the scroll labelled LEYNE UHUBUGUGA, it crumbles to dust.
It is a scroll of brand weapon.
Your +1 sling emits a brilliant flash of light!
a - a +1 vorpal sling (weapon)
Your attacks no longer feel as feeble.
The gnoll barely misses you.
The gnoll hits you from afar with a +0 halberd.
* * * LOW HITPOINT WARNING * * *
The gnoll bouda barks out a call to the hunt!
The gnolls pick up the pace!
The gnoll hits you from afar with a +0 spear.
* * * LOW HITPOINT WARNING * * *
As you read the scroll labelled YFOZXE DULURHI, it crumbles to dust.
It is a scroll of enchant weapon.
Your +1 vorpal sling glows red for a moment.
The gnoll hits you with a +0 whip.
* * * LOW HITPOINT WARNING * * *
The gnoll hits you from afar with a +0 halberd.
* * * LOW HITPOINT WARNING * * *
The gnoll hits you with a +0 club.
* * * LOW HITPOINT WARNING * * *
The gnoll hits you from afar with a +0 spear.
You die...

####### #......
#+# #......##.?##
#...........#
#......g....#
#....ggg....#
##.....gg....####
#.....>.@.<...?..
#............###.
#.......######
#....... ######+#


You could see a gnoll bouda and 5 gnolls.

Vanquished Creatures
  5 adders (D:2)
  2 worms (D:2)
  4 dart slugs
  2 endoplasms (D:1)
  3 giant cockroaches
  4 goblins
  4 hobgoblins
  2 kobolds
  A quokka (D:2)
  5 ball pythons
  5 bats
  4 frilled lizards
  3 rats (D:1)
44 creatures vanquished.

Notes
Turn   | Place    | Note
-------+----------+-------------------------------------------
     0 | D:1      | oldriver the Barachi Hexslinger began the quest for the
                  | Orb.
     0 | D:1      | Reached XP level 1. HP: 15/15 MP: 2/2
   277 | D:1      | Reached XP level 2. HP: 21/21 MP: 3/3
   340 | D:1      | Reached skill level 3 in Ranged Weapons
   498 | D:1      | Reached XP level 3. HP: 25/26 MP: 4/4
   944 | D:2      | Reached skill level 4 in Ranged Weapons
   944 | D:2      | Reached XP level 4. HP: 15/33 MP: 5/5
  1514 | D:3      | You fall into a shaft and drop 3 floors!
  1539 | D:6      | HP: 1/34 [gnoll/+0 club[a gnoll bouda] (3)]
  1539 | D:6      | Slain by a gnoll

Illustrated notes

Levels and vault maps discovered:
D:1:      amcnicky_arrival_flooded_fountain, layout_loops_ring,
          hangedman_decor_diamond_cutter
D:2:      layout_rooms
D:3:      layout_loops_corners, mainiacjoe_overflow_alcove_2,
          kennysheep_generic_room_14
D:6:      layout_basic

Skill      XL: |  1  2  3  4 |
---------------+-------------+-----
Ranged Weapons | 3 4 |  4.3
Fighting       | 2 |  2.6
Dodging        | |  2.1
Spellcasting   | |  1.1
Hexes          | |  3.2

Action                   |  1- 3 |  4- 6 || total
-------------------------+-------+-------++-------
Melee: Long sword        |    12 |     7 ||    19
 Fire: Sling             |    86 |    72 ||   158
 Abil: Hop               |     2 |     3 ||     5
  Use: Scroll            |       |     5 ||     5
Armor: Leather armour    |    13 |    18 ||    31
Dodge: Dodged            |    27 |    39 ||    66

Table legend: (Time is in decaauts)
 A = Elapsed time spent in this place.
 B = Non-inter-level travel time spent in this place.
 C = Inter-level travel time spent in this place.
 D = Time resting spent in this place.
 E = Time spent auto-exploring this place.
 F = Levels seen in this place.
 G = Mean time per level.
                   A        B        C        D        E       F      G
               +--------+--------+--------+--------+--------+-----+--------+
         Total |   1809 |   1731 |     78 |     78 |   1298 |   4 |  452.2 |
       Dungeon |   1809 |   1731 |     78 |     78 |   1298 |   4 |  452.2 |
               +--------+--------+--------+--------+--------+-----+--------+

Top non-repeatable levels by time:
     D:1: 954 daAuts
     D:2: 827 daAuts
     D:6: 27 daAuts
